 Dungeon Crawl Stone Soup version 0.17.1-1-g73c8601 (webtiles) character file.

982 shmeve the Cudgeler (level 7, -1/71 HPs)
             Began as a Troll Berserker on Apr 18, 2016.
             Was an Elder of Trog.
             Slain by TheBigGinger's ghost (15 damage)
             ... while paralysed
             ... on level 6 of the Dungeon.
             The game lasted 00:13:26 (4354 turns).

shmeve the Cudgeler (Troll Berserker)               Turns: 4354, Time: 00:13:26

Health: -1/71      AC:  7    Str: 26    XL:     7   Next: 96%
Magic:  6/6        EV:  1    Int:  4    God:    Trog [****..]
Gold:   271        SH:  0    Dex: 10    Spells: 0 memorised, 6 levels left

rFire  . . .     SeeInvis .     y - +2 giant spiked club
rCold  . . .     Clarity  .     b - +0 animal skin
rNeg   + . .     SustAt   .     (shield currently unavailable)
rPois  +         Gourm    +     (helmet restricted)
rElec  .         Spirit   .     m - +1 cloak
rCorr  .         Warding  +     (gloves unavailable)
rMut   .         Stasis   .     (boots unavailable)
MR     .....                    k - amulet of warding
Stlth  +.........               F - ring of invisibility (curse)
                                i - ring of poison resistance

@: paralysed, exhausted, slowed, drained, not resistant to hostile enchantments,
very unstealthy
A: unfitting armour, claws 3, fast metabolism 3, gourmand, regeneration 2,
shaggy fur 1, tough skin 2
a: Berserk, Trog's Hand, Brothers in Arms, Burn Spellbooks, Renounce Religion,
Evoke Invisibility


You were on level 6 of the Dungeon.
You worshipped Trog.
Trog was greatly pleased with you.
You were very full.

You visited 1 branch of the dungeon, and saw 6 of its levels.

You collected 271 gold pieces.

Inventory:

Hand Weapons
 y - a +2 giant spiked club (weapon)
Missiles
 E - 5 large rocks (quivered)
Armour
 b - a +0 animal skin (worn)
 m - a +1 cloak (worn)
Jewellery
 i - a ring of poison resistance (left claw)
 k - an amulet of warding (around neck)
 F - a cursed ring of invisibility (right claw)
Wands
 r - a wand of digging (12)
Scrolls
 e - a scroll of amnesia
 j - 2 scrolls of teleportation
 o - a scroll of noise
Potions
 a - a potion of mutation {unknown}
 f - 2 potions of agility
 g - 5 potions of curing
 p - a potion of beneficial mutation {unknown}
 u - a potion of haste {unknown}
 v - 2 potions of poison {unknown}
 w - a potion of might {unknown}
 z - a potion of cancellation {unknown}
 A - a potion of magic {unknown}
 B - a potion of ambrosia {unknown}
 D - a potion of heal wounds {unknown}
Comestibles
 c - 4 bread rations
 d - 3 fruits
 h - 5 chunks of flesh
 l - 2 beef jerkies
 x - 4 meat rations


   Skills:
 * Level 4.3(3.7) Fighting
 * Level 4.8(4.2) Maces & Flails
 * Level 4.3(3.7) Throwing
 + Level 2.4(1.8) Armour
 + Level 3.4(2.8) Dodging


You had 6 spell levels left.
You didn't know any spells.

Dungeon Overview and Level Annotations

Branches:
Dungeon (6/15)             Temple (0/1) D:5

Altars:
Cheibriados
Elyvilon
Gozag
Okawaru
Xom

Annotations:
D:6 TheBigGinger's ghost, novice DrMo


Innate Abilities, Weirdness & Mutations

You are too large for most types of armour.
You have claws for hands.
Your metabolism is lightning-fast.
You like to eat raw meat.
You heal very quickly.
You are covered in fur (AC +1).
You have very tough skin (AC +2).


Message History

TheBigGinger's ghost hits you but does no damage.
You completely miss TheBigGinger's ghost.
TheBigGinger's ghost hits you but does no damage.
You barely miss TheBigGinger's ghost. TheBigGinger's ghost hits you.
You closely miss TheBigGinger's ghost.
TheBigGinger's ghost breathes negative energy at you.
The bolt of negative energy misses you.
You closely miss TheBigGinger's ghost.
TheBigGinger's ghost hits you but does no damage.
You closely miss TheBigGinger's ghost. TheBigGinger's ghost hits you.
TheBigGinger's ghost breathes negative energy at you.
The bolt of negative energy hits you! You partially resist.
You feel drained.
You miss TheBigGinger's ghost. TheBigGinger's ghost barely misses you.
You completely miss TheBigGinger's ghost.
You are no longer berserk.
You pass out from exhaustion.
You feel yourself slow down. TheBigGinger's ghost hits you!
* * * LOW HITPOINT WARNING * * *
TheBigGinger's ghost hits you!
You die...

..... ... ...
... #'# #.# #W#
##@## ##.).## ##
#.....#
....##...######.
................
....###.########
### #.# #.# #.#


You could see TheBigGinger's ghost.

Vanquished Creatures
  An ogre (D:5)
  The ghost of TheBigGinger the Ruffian, an amateur DrMo (D:3)
  A giant frog (D:6)
  2 scorpions (D:5)
  A crimson imp (D:5)
  2 hounds
  A gnoll shaman (D:6)
  A centaur skeleton (D:5)
  An iguana (D:6)
  5 worker ants
  An orc wizard (D:3)
  14 gnolls
  A worker ant zombie (D:6)
  4 adders
  A shadow imp (D:5)
  3 oozes
  An adder skeleton (D:5)
  6 worms
  A giant gecko (D:3)
  2 orcs (D:3)
  3 ball pythons
  7 bats
  7 giant cockroaches
  8 hobgoblins
  9 jackals
  9 kobolds
  A quokka (D:5)
  A giant cockroach zombie (D:4)
  A giant gecko skeleton (D:5)
  6 giant newts
  5 goblins
  10 rats
117 creatures vanquished.

Notes
Turn   | Place    | Note
--------------------------------------------------------------
     0 | D:1      | shmeve the Troll Berserker began the quest for the Orb.
     0 | D:1      | Reached XP level 1. HP: 22/22 MP: 0/0
   233 | D:1      | Reached XP level 2. HP: 29/29 MP: 1/1
   608 | D:2      | Reached ** piety under Trog
   608 | D:2      | Reached XP level 3. HP: 31/36 MP: 2/2
   609 | D:2      | Reached skill level 1 in Throwing
   663 | D:2      | Found a shimmering altar of Xom.
   890 | D:2      | Reached skill level 1 in Armour
   934 | D:2      | Reached skill level 3 in Maces & Flails
   934 | D:2      | Reached XP level 4. HP: 31/44 MP: 3/3
  1016 | D:2      | Found a snail-covered altar of Cheibriados.
  1754 | D:3      | Reached *** piety under Trog
  1829 | D:3      | Noticed TheBigGinger's ghost (amateur DrMo)
  1841 | D:3      | Killed TheBigGinger's ghost
  1841 | D:3      | Reached XP level 5. HP: 53/53 MP: 4/4
  1924 | D:3      | Found an iron altar of Okawaru.
  2793 | D:4      | Reached XP level 6. HP: 44/61 MP: 5/5
  2959 | D:4      | Found a white marble altar of Elyvilon.
  3462 | D:5      | Entered Level 5 of the Dungeon
  3473 | D:5      | Reached **** piety under Trog
  3474 | D:5      | Reached skill level 4 in Maces & Flails
  3539 | D:5      | Reached XP level 7. HP: 66/68 MP: 6/6
  4103 | D:5      | Found a staircase to the Ecumenical Temple.
  4174 | D:6      | Found an opulent altar of Gozag.
  4338 | D:6      | Noticed TheBigGinger's ghost (novice DrMo)
  4354 | D:6      | Slain by TheBigGinger's ghost

Action                   |  1- 3 |  4- 6 |  7- 9 || total
-------------------------+-------+-------+-------++-------
Melee: Mace              |    76 |   195 |    11 ||   282
       Giant spiked club |       |       |    64 ||    64
Throw: Stone             |    31 |    16 |       ||    47
       Tomahawk          |       |    24 |       ||    24
       Large rock        |       |       |     5 ||     5
Invok: Berserk           |     1 |     5 |     2 ||     8
       Burn Spellbooks   |       |     1 |       ||     1
  Use: Scroll            |       |       |    11 ||    11
  Eat: Chunk             |    14 |    28 |    12 ||    54
